 Dungeon Crawl Stone Soup version 0.29.1-15-g9cfb28693d (webtiles) character file.

Game seed: 13730789602483180869

510 javelincjr the Magician (level 7, -17/49 HPs)
             Began as a Djinni Conjurer on Feb 22, 2023.
             Was a Follower of Makhleb.
             Demolished by an ice beast (21 damage)
             ... on level 5 of the Dungeon.
             The game lasted 00:15:08 (4762 turns).

javelincjr the Magician (Djinni Conjurer)           Turns: 4762, Time: 00:15:08

Health: -17/49     AC:  7    Str: 12    XL:     7   Next: 42%
Gold:   211        EV: 11    Int: 20    God:    Makhleb [*.....] SH:  0 Dex: 15

rFire   + + .      SeeInvis +   j - +2 dagger (vamp)
rCold   x . .      Faith    .   (no shield)
rNeg    . . .      Spirit   .   p - +0 ring mail of Eternal Vigilance {Str+4 Dex+4 SInv}
rPois   ∞          Reflect  .   l - +1 helmet
rElec   .          Harm     .   (no cloak)
rCorr   .          Rampage  .   (no gloves)
Will    .....                   (boots unavailable)
Stlth   ++........              (no amulet)
HPRegen 0.16/turn               (no ring)
MPRegen 0.00/turn               (no ring)

@: flying
A: sickness immunity, fire resistance 2, cold vulnerability 1, float, innate
caster, HP casting, extra vitality 1
a: Renounce Religion


You were on level 5 of the Dungeon.
You worshipped Makhleb.
Makhleb was aware of your devotion.
You visited 1 branch of the dungeon, and saw 5 of its levels.

You collected 211 gold pieces.

Inventory:

Hand Weapons
 j - a +2 vampiric dagger (weapon)
 n - a +0 vorpal spear
Missiles
 o - a boomerang of dispersal
 q - 4 silver javelins
Armour
 a - a +0 robe
 l - a +1 helmet (worn)
 p - the +0 ring mail of Eternal Vigilance (worn) {Str+4 Dex+4 SInv}
   (You found it on level 4 of the Dungeon)

   Str:       It affects your strength (+4).
   Dex:       It affects your dexterity (+4).
   SInv:      It lets you see invisible.
Scrolls
 b - 2 scrolls of enchant armour {unknown}
 c - a scroll of poison {unknown}
 f - 5 scrolls of identify {unknown}
 i - 2 scrolls of teleportation
 m - a scroll of noise {unknown}
 r - a scroll of enchant weapon {unknown}
Potions
 d - 4 potions of curing {unknown}
 e - 3 potions of degeneration {unknown}
 g - 2 potions of heal wounds {unknown}
 h - a potion of might {unknown}
 k - a potion of attraction {unknown}


   Skills:
 * Level 2.8 Fighting
 + Level 1.6 Short Blades
 + Level 2.1 Armour
 + Level 3.7 Dodging
 + Level 2.9 Stealth
 * Level 4.3 Spellcasting
 + Level 1.8 Invocations


You couldn't memorise any spells.
You knew the following spells:

 Your Spells              Type           Power      Damage    Failure   Level
a - Magic Dart            Conj           84%        1d7       4%          1
b - Searing Ray           Conj           42%        2d6       7%          2
c - Dazzling Flash        Conj/Hex       42%        N/A       14%         3
d - Fulminant Prism       Conj/Hex       10%        3d9       43%         4
e - Iskenderun's Mystic   Conj/Tloc      21%        2d6       43%         4
f - Summon Small Mammal   Summ           84%        N/A       4%          1
g - Wereblood             Tmut           21%        N/A       7%          2
h - Ensorcelled Hibernat  Hex/Ice        42%        N/A       7%          2
Your spell library was empty.

Dungeon Overview and Level Annotations

Branches:
Dungeon (5/15)
 Temple: D:4-7

Altars:
Makhleb
Zin

Annotations:
D:3 1 runed translucent door, TaterTotHotdish's ghost, weakling SpVM


Innate Abilities, Weirdness & Mutations

You are immune to sickness and miasma.
You are immune to poison.
Your flesh is very heat resistant. (rF++)
You are vulnerable to cold. (rC-)
You float through the air rather than walking.
You learn spells naturally, not from books.
Your magical power is your life essence.
You have superior vitality. (+4 MHP)


Message History

There is a stone staircase leading up here.
Casting: Magic Dart (safe; 4% risk of failure)
Confirm with . or Enter, or press ? or * to list all spells.
The ice beast barely misses you.
Casting: Summon Small Mammal (safe; 4% risk of failure)
Confirm with . or Enter, or press ? or * to list all spells.
The ice beast hits you but does no damage.
Casting: Summon Small Mammal (safe; 4% risk of failure)
Confirm with . or Enter, or press ? or * to list all spells.
Aiming: Searing Ray (safe; 7% risk of failure)
Press: ? - help, Shift-Dir - straight line, f - ice beast
Aim: an ice beast (ally target, 78% to hit)
The searing ray hits the ice beast.
The ice beast is lightly wounded. (Press . to maintain the ray.)
Your bat hits the ice beast but does no damage.
The ice beast closely misses you.
Your bat hits the ice beast but does no damage.
The searing ray misses the ice beast.
Your quokka barely misses the ice beast.
An adder comes into view.
The ice beast hits you. The ice beast freezes you!
You feel a terrible chill!
Your bat hits the ice beast but does no damage.
The searing ray hits the ice beast.
The ice beast is moderately wounded.
Your bat hits the ice beast but does no damage.
Your quokka bites the ice beast but does no damage.
The ice beast hits you but does no damage.
The searing ray misses the ice beast.
You finish channelling your searing ray.
Your bat closely misses the ice beast.
Your quokka bites the ice beast.
The ice beast hits you. The ice beast freezes you!!
You feel a terrible chill!
* * * LOW HITPOINT WARNING * * *
The adder bites you but does no damage.
Your quokka bites the ice beast.
You swap places.
Your bat hits the ice beast but does no damage.
The ice beast hits you.
* * * LOW HITPOINT WARNING * * *
The ice beast freezes you!!
You feel a terrible chill!
You die...

#.......
###.....>.
##........
. .......#
.#
#......#...
#.........#
#...$......
#br@....#
#SY#.##.#
#..#.#
......#
#......#
#....#..#
...... ###
....#.


You could see an ice beast (ally target), an adder, a friendly quokka (summoned)
and a friendly bat (summoned).

Vanquished Creatures
  Sigmund (D:3)
  A scorpion (D:4)
  A hound (D:4)
  An orc priest (D:4)
  An orc wizard (D:4)
  An iguana (D:4)
  Robin (D:3)
  3 gnolls (D:4)
  3 adders
  An ufetubus (D:5)
  A worm (D:2)
  A dart slug (D:1)
  11 orcs
  7 endoplasms
  3 giant cockroaches
  4 hobgoblins
  7 kobolds
  4 quokkas
  6 ball pythons
  2 bats
  A frilled lizard (D:1)
  9 goblins
  9 rats
79 creatures vanquished.

Vanquished Creatures (collateral kills)
  4 goblins (D:3)
  2 hobgoblins (D:3)
6 creatures vanquished.

Vanquished Creatures (others)
  9 fulminant prisms
  2 plants (D:5)
11 creatures vanquished.

Grand Total: 96 creatures vanquished

Notes
Turn   | Place    | Note
-------+----------+-------------------------------------------
     0 | D:1      | javelincjr the Djinni Conjurer began the quest for the Orb.
     0 | D:1      | javelincjr set off with the following spells memorised:
                  | Magic Dart, Searing Ray, Dazzling Flash, Fulminant Prism,
                  | Iskenderun's Mystic Blast.
     0 | D:1      | Reached XP level 1. HP: 15/15 MP: 0/0
   348 | D:1      | Reached XP level 2. HP: 20/21 MP: 0/0
   790 | D:1      | Reached XP level 3. HP: 23/25 MP: 0/0
   790 | D:1      | Learned a level 1 spell: Summon Small Mammal
  1423 | D:2      | Found a burning altar of Makhleb.
  1431 | D:2      | Became a worshipper of Makhleb the Destroyer
  2230 | D:3      | Reached XP level 4. HP: 29/31 MP: 0/0
  2285 | D:3      | Found a runed translucent door.
  2285 | D:3      | Noticed TaterTotHotdish's ghost (weakling SpVM)
  2313 | D:3      | Found a faded altar of an unknown god.
  2508 | D:3      | Noticed Robin
  2511 | D:3      | Reached skill level 1 in Fighting
  2550 | D:3      | Killed Robin
  2901 | D:3      | Reached XP level 5. HP: 35/37 MP: 0/0
  2901 | D:3      | Learned a level 2 spell: Wereblood
  3273 | D:3      | Noticed Sigmund
  3287 | D:3      | Killed Sigmund
  3288 | D:3      | Reached skill level 1 in Short Blades
  3288 | D:3      | Reached skill level 1 in Armour
  3288 | D:3      | Reached skill level 4 in Spellcasting
  3288 | D:3      | Reached skill level 1 in Invocations
  3288 | D:3      | Reached XP level 6. HP: 30/43 MP: 0/0
  3614 | D:4      | Reached * piety under Makhleb
  3618 | D:4      | Reached XP level 7. HP: 36/49 MP: 0/0
  3618 | D:4      | Learned a level 2 spell: Ensorcelled Hibernation
  4378 | D:4      | Identified the +0 ring mail of Eternal Vigilance {Str+4
                  | Dex+4 SInv}
  4430 | D:4      | Found a glowing silver altar of Zin.
  4681 | D:5      | Entered Level 5 of the Dungeon
  4762 | D:5      | Demolished by an ice beast

Illustrated notes

Levels and vault maps discovered:
D:1:      evilmike_arrival_fibonacci_small, layout_rooms
D:2:      layout_rooms, serial_co_window_serial, co_window_of_opportunity_a,
          co_window_of_opportunity_a, co_window_cross_1,
          co_window_of_opportunity_a, co_window_corner_a, co_window_paths_b,
          co_window_paths_b, co_window_broadway_a, co_window_corner_b,
          co_window_2corner, co_window_2corner, glass_columns_b,
          glass_columns_a, glass_columns_a, glass_columns_b, glass_columns_c,
          basic_altar
D:3:      layout_basic, ebering_ecumenical_altar_hall,
          hellmonk_ghost_happy_afterlife, uniq_sigmund, uniq_robin
D:4:      layout_basic, lemuel_tele_altar
D:5:      layout_rooms, grunt_temple_overflow_lords_of_destruction,
          minmay_temple_entry_overgrown, serial_shops, shop,
          minmay_misc_feat_tiny, uniq_eustachio

Skill      XL: |  1  2  3  4  5  6  7 |
---------------+----------------------+-----
Stealth        | 2 |  2.9
Fighting       | 1 2 |  2.8
Dodging        | 3 |  3.7
Short Blades   | 1 |  1.6
Armour         | 1 2 |  2.1
Spellcasting   | 4 |  4.3
Invocations    | 1 |  1.8

Action                   |  1- 3 |  4- 6 |  7- 9 || total
-------------------------+-------+-------+-------++-------
Melee: Dagger            |     8 |     6 |    21 ||    35
 Cast: Magic Dart        |    68 |    47 |    18 ||   133
       Searing Ray       |     1 |     2 |     3 ||     6
       Summon Small Mamm |       |     7 |     2 ||     9
       Fulminant Prism   |       |     5 |     4 ||     9
  Use: Scroll            |       |     1 |       ||     1
Armor: Robe              |     3 |     6 |     5 ||    14
       Ring mail         |       |       |    11 ||    11
Dodge: Dodged            |    11 |     5 |    15 ||    31
